[Event "Late-Titled-Tuesday-Blitz-January-30-2024"]
[Site "Chess.com"]
[Date "2024.01.30"]
[Round "3"]
[White "SaqoChess_Twitch"]
[Black "WindWhistler11"]
[Result "1-0"]
[WhiteElo "2630"]
[BlackElo "2474"]
[TimeControl "180+1"]
[EndTime "14:28:43 PST"]
[Termination "SaqoChess_Twitch won on time"]

1. d4 Nf6 2. c4 e6 3. Nc3 c5 4. d5 exd5 5. cxd5 Bd6 6. Nf3 O-O 7.
g3 Re8 8. Bg2 Bc7 9. O-O d6 10.
Nd2 a6 11. a4 Nbd7 12. Nc4 Rb8 13. a5 Nf8 14. e4 Bd7 15. f4 Bb5 16. b3 Bxc4 17. bxc4 Bxa5 18. Bb2 Bxc3 19. Bxc3 Nxe4 20. Qd3 Nxc3 21. Qxc3 Qf6 22. Qxf6 gxf6 23. Kf2 Nd7 24. Rfb1 f5 25. Bh3 Nf6 26. Bxf5 Ne4+ 27. Kg2 Nd2 28. Re1 Nxc4 29. Kf2 Rxe1 30. Rxe1 b5 31. Ra1 a5 32. Bd3 Nb2 33. Be2 a4 34. Ra2 a3 35. Rxa3 c4 36. Ke3 b4 37. Ra6 c3 38. Rxd6 b3 39.
Rc6 Re8+ 40. Kf2 Na4 41. d6 Kg7 42. Bd3 Nb2 43. Bb5 Rd8 44. Ke2 Re8+ 45. Kf3 Rb8 46.
d7 c2 47. Rc8 Rxb5 48. d8=Q Nd1 49. Qh8+ 1-0

[Event "Late-Titled-Tuesday-Blitz-January-30-2024"]
[Site "Chess.com"]
[Date "2024.01.30"]
[Round "3"]
[White "BardArtem"]
[Black "Talcrifice"]
[Result "0-1"]
[WhiteElo "2771"]
[BlackElo "2540"]
[TimeControl "180+1"]
[EndTime "14:28:44 PST"]
[Termination "Talcrifice won by checkmate"]

1. e4 e5 2. Nf3 Nc6 3. Bc4 Bc5 4. d3 Nf6 5. Nc3 a6 6. Bg5 h6 7. Bxf6 Qxf6 8. Nd5 Qd8 9. c3 d6 10. d4 exd4 11.
cxd4 Ba7 12. O-O O-O 13. Re1 Bg4 14. Rc1 Nxd4 15. Be2 Nxe2+ 16. Qxe2 c6 17. Ne3 Be6 18.
Red1 Qc7 19. Nd5 Bxd5 20. exd5 c5 21. Qc2 Rae8 22. h3 Qd7 23. b3 Bb6 24. Nd2 Bd8 25.
Ne4 f5 26. Nc3 Bf6 27. Ne2 Be5 28. Rd3 f4 29. Rf3 Qf5 30. Qxf5 Rxf5 31. Kf1 Bf6 32. Rd1 g5 33. Rd2 Rfe5 34. g3 Kg7 35. gxf4 gxf4 36.
Nxf4 Bg5 37. Ne6+ R5xe6 38. dxe6 Bxd2 39. Rf7+ Kg6 40. Rxb7 Rxe6 41. Kg2 Bc3 42. Rb6 a5 43. f4 Kf5 44. Kf3 Bd4 45. Ra6 Re3+ 46. Kg2 Re2+ 47. Kg3 Rxa2 48. Rxd6 Ra3 49. Rd5+ Ke4 50. Rd8 Rxb3+ 51.
Kg4 a4 52. Re8+ Kd5 53. f5 a3 54. Ra8 c4 55. f6 Bxf6 56. Kf5 Bd4 57. h4 Bc5 58. h5 c3 59. Kg6 c2 60. Rd8+ Kc4 61. Rd7 c1=Q 62. Rf7 Qg5+ 63. Kh7 Qxh5 64. Kg7 Qxf7+ 65.
Kh8 Rb8# 0-1

[Event "Late-Titled-Tuesday-Blitz-January-30-2024"]
[Site "Chess.com"]
[Date "2024.01.30"]
[Round "3"]
[White "DeArron_Fox"]
[Black "Malev212"]
[Result "0-1"]
[WhiteElo "2488"]
[BlackElo "2662"]
[TimeControl "180+1"]
[EndTime "14:28:44 PST"]
[Termination "Malev212 won on time"]

1. d4 g6 2. c4 Bg7 3. Nc3 c5 4. d5 d6 5. e4 Bxc3+ 6. bxc3 e5 7. f4 exf4 8. Bxf4 Qh4+ 9. g3 Qe7 10. Bg2 Nf6 11. Qe2 Nbd7 12. Nh3 Ne5 13. Nf2 Nfd7 14. O-O b6 15. Bh3 O-O 16. Ng4 Nxg4 17. Bxg4 Ne5 18.
Bxc8 Raxc8 19. Rf2 f6 20. Raf1 Rce8 21. h4 Nf7 22.
Qf3 Qxe4 23. Qxe4 Rxe4 24. Kg2 Rxc4 25. Rf3 Kg7 26. Re3 Ne5 27. Bxe5 fxe5 28. Rxf8 Kxf8 29.
Rf3+ Ke7 30. h5 gxh5 31. Rf5 h4 32. Rh5 hxg3 33. Rxh7+ Kf6 34. Rxa7 Rxc3 35. Ra6 e4 36. Rxb6 Ke5 37. a4 Kxd5 38. a5 Ra3 39. a6 Ke5 40. Rc6 d5 41. Rxc5 Rxa6 42. Kxg3 Ra3+ 43. Kf2 Kd4 44. Rc1 Ra2+ 45. Kf1 Ke3 46. Rc3+ Kf4 47.
Rh3 d4 48. Rh4+ Ke3 49. Rh3+ Kf4 50. Rh4+ Kf5 51. Rh5+ Kg4 52. Rh8 d3 53. Ke1 e3 54.
Rg8+ Kf5 55. Rf8+ Ke4 56. Re8+ Kd4 57. Rd8+ Kc4 58. Rc8+ Kb5 59. Rb8+ Kc6 0-1

[Event "Late-Titled-Tuesday-Blitz-January-30-2024"]
[Site "Chess.com"]
[Date "2024.01.30"]
[Round "3"]
[White "Kacparov"]
[Black "Hamisandwich"]
[Result "1-0"]
[WhiteElo "2938"]
[BlackElo "2707"]
[TimeControl "180+1"]
[EndTime "14:28:45 PST"]
[Termination "Kacparov won on time"]

1. e4 c6 2. d4 d5 3. e5 Bf5 4.
Nf3 e6 5. Be2 Nd7 6. O-O a5 7. Be3 a4 8. Nbd2 a3 9. b3 Bb4 10. Nb1 f6 11. c3 Bxb1 12. Rxb1 Bxc3 13. exf6 Ngxf6 14. b4 e5 15. dxe5 Nxe5 16. Qc2 Bb2 17.
Bc5 Nxf3+ 18. Bxf3 Kf7 19. b5 b6 20. Be3 c5 21.
Rbd1 d4 22. Bxa8 Qxa8 23. Bg5 Qd5 24. Bxf6 Kxf6 25. Rd3 g6 26. Re1 Rf8 27. h4 c4 28.
Rf3+ Kg7 29. Re7+ Kg8 30. Rxf8+ Kxf8 31. Rxh7 d3 32. Qd2 Bg7 33. h5 Qe4 34. h6 Bf6 35. Rc7 c3 36. Rxc3 Bxc3 37. Qxc3 1-0

[Event "Late-Titled-Tuesday-Blitz-January-30-2024"]
[Site "Chess.com"]
[Date "2024.01.30"]
[Round "3"]
[White "MFatigue"]
[Black "chucksterf10"]
[Result "0-1"]
[WhiteElo "2468"]
[BlackElo "2626"]
[TimeControl "180+1"]
[EndTime "14:28:46 PST"]
[Termination "chucksterf10 won on time"]

1. e4 a6 2. Nc3 c5 3. g3 b5 4. Bg2 Bb7 5. Nf3 b4 6. Nd5 e6 7. Ne3 Bxe4 8. O-O Nf6 9. d4 d5 10.
c4 bxc3 11. bxc3 Nc6 12. Re1 Be7 13. Ba3 cxd4 14. Bxe7 Qxe7 15. Nxd4 Nxd4 16. Qxd4 O-O 17. Bxe4 Nxe4 18. c4 Qf6 19. Qxf6 Nxf6 20. cxd5 exd5 21. Red1 Rfd8 22. Rd4 Rd7 23. Rad1 Rad8 24. Nc2 h5 25. Nb4 Rd6 26. f3 g6 27. Kf2 Kg7 28. Nd3 Rb8 29. h4 Rb5 30. Rd2 Kf8 31. Ke3 Ke7 32. Kf4 Nd7 33. Kg5 Rf6 34. a4 Rf5+ 35. Kh6 Rb8 36. g4 Rxf3 37. Rxd5 Rh8+ 38. Kg7 Rh7+ 39. Kxh7 Nf6+ 40.
Kh6 Nxd5 41. Ne5 Re3 42. Rxd5 Ke6 43. Ra5 Rxe5 44. Rxe5+ Kxe5 45. gxh5 gxh5 46. Kxh5 f5 47. Kg5 f4 48. h5 f3 49. h6 f2 50. h7 f1=Q 51.
h8=Q+ Kd5 52. Qd8+ Kc5 53. Qa5+ Kc6 54. Qc3+ Kd5 55. Qa5+ Kd4 56. Qb4+ Qc4 57. Qb6+ Kc3 58. a5 Qf1 59. Qc5+ Kb3 60. Qb6+ Ka4 61. Qd4+ Kxa5 62.
Qc3+ Ka4 63. Qa1+ Qxa1 0-1

[Event "Late-Titled-Tuesday-Blitz-January-30-2024"]
[Site "Chess.com"]
[Date "2024.01.30"]
[Round "3"]
[White "ArchibaldCerveza29"]
[Black "Baby_Legs"]
[Result "1-0"]
[WhiteElo "2478"]
[BlackElo "2602"]
[TimeControl "180+1"]
[EndTime "14:28:47 PST"]
[Termination "ArchibaldCerveza29 won by checkmate"]

1. b3 Nf6 2. Bb2 g6 3. g3 Bg7 4. Bg2 O-O 5. d3 d5 6. Nd2 c5 7. e3 Nc6 8. Ne2 e5 9. h3 Be6 10. O-O Qc7 11. a3 Rad8 12. Kh2 Rfe8 13. Rc1 b6 14. Qe1 Bc8 15. e4 h5 16. Nc3 d4 17. Ne2 h4 18. g4 g5 19. Rb1 Bf8 20. Nc1 Re6 21. Na2 Ne8 22. Nf3 f6 23. Bc1 Ng7 24. b4 cxb4 25. axb4 b5 26. c4 dxc3 27.
Nxc3 Rxd3 28. Nd5 Qd8 29. Qe2 Rxf3 30. Qxf3 Nd4 31. Qd3 Rc6 32. Be3 Nge6 33. Rfc1 Bb7 34. Rxc6 Bxc6 35. Rc1 Kf7 36. Qa3 Qd7 37. Bf1 Bd6 38.
Bg2 Qb7 39. Qa2 Kg6 40. Ra1 Bb8 41. Qa6 Qd7 42. Rd1 Bb7 43. Qa5 Qd6 44. Kh1 a6 45.
Qa3 Nf4 46. Bxf4 exf4 47. f3 Nc6 48. Qd3 Ne5 49. Qd4 Qe6 50. Qc5 Qe8 51. Ne7+ Kf7 52. Nf5 Qc6 53. Qe7+ Kg6 54. Qg7# 1-0

[Event "Late-Titled-Tuesday-Blitz-January-30-2024"]
[Site "Chess.com"]
[Date "2024.01.30"]
[Round "3"]
[White "HamedWafa4"]
[Black "nindjaxx8"]
[Result "1-0"]
[WhiteElo "2813"]
[BlackElo "2596"]
[TimeControl "180+1"]
[EndTime "14:28:48 PST"]
[Termination "HamedWafa4 won by resignation"]

1. e4 e6 2. d4 d5 3. e5 c5 4. c3 Nc6 5. Nf3 Qb6 6. Be2 cxd4 7.
cxd4 Nge7 8. Na3 Nf5 9. Nc2 h5 10. O-O Bd7 11. Bd3 g6 12. a3 Be7 13. b4 a5 14. b5 Ncxd4 15. Nfxd4 Nxd4 16. Be3 Bc5 17. Bg5 Nxc2 18. Qxc2 Be7 19. Bxe7 Kxe7 20. Qd2 Kf8 21. Qf4 Kg8 22. Rac1 Qd8 23. Rc2 Rc8 24. Rfc1 Rxc2 25.
Rxc2 Kg7 26. h4 b6 27. Be2 Qe7 28. Rc3 Rc8 29. Rg3 Kh7 30. Bxh5 gxh5 31. Rg5 Qf8 32. Rxh5+ Kg8 33. Qf6 Qg7 34. Rg5 Qxg5 35. Qxg5+ Kf8 36. h5 Bxb5 37. h6 Bd3 38. Qg7+ Ke7 39. h7 Bxh7 40. Qxh7 Rc1+ 41. Kh2 Rc3 42. Qh4+ Ke8 43. Qh8+ Ke7 44.
Qb8 Rb3 45. a4 Rb4 46. Qd6+ Ke8 47. g4 Rxg4 48. Qxb6 d4 49. Qxa5 Kf8 50. Qc5+ Kg7 51. Qc4 Re4 52. a5 Rxe5 53. Qxd4 f6 54. Qxe5 fxe5 55.
a6 e4 56. a7 e3 57. fxe3 1-0

[Event "Late-Titled-Tuesday-Blitz-January-30-2024"]
[Site "Chess.com"]
[Date "2024.01.30"]
[Round "3"]
[White "Walter_White_Poland"]
[Black "Nouali_Mohamed"]
[Result "1-0"]
[WhiteElo "2309"]
[BlackElo "2478"]
[TimeControl "180+1"]
[EndTime "14:28:50 PST"]
[Termination "Walter_White_Poland won on time"]

1. e4 c5 2. Nf3 Nc6 3. Nc3 g6 4. Bb5 Bg7 5. O-O Nf6 6. e5 Ng4 7. Bxc6 dxc6 8. Re1 Qc7 9. Qe2 h5 10. d3 b6 11. Bf4 Nh6 12. a4 a5 13. Ne4 O-O 14.
h3 Nf5 15. Qd2 Be6 16. Neg5 Nd4 17. Nxd4 cxd4 18. Nxe6 fxe6 19. Bh6 Rf5 20. Bxg7 Kxg7 21. Re4 c5 22. Rae1 Raf8 23. f3 g5 24. b3 h4 25. Rg4 Kg6 26. Ree4 Rxe5 27. f4 Rxe4 28. Rxg5+ Kh6 29. Qd1 Re1+ 30. Qxe1 Qxf4 31. Re5 Kg7 32. Rxe6 Rf7 33. Re4 Qh6 34. Kh2 Kf8 35. Rxh4 Qd6+ 36. Kh1 Qf6 37. Kg1 Qf1+ 38. Qxf1 1-0

[Event "Late-Titled-Tuesday-Blitz-January-30-2024"]
[Site "Chess.com"]
[Date "2024.01.30"]
[Round "3"]
[White "english_player_89"]
[Black "Ajedrecista3000"]
[Result "0-1"]
[WhiteElo "2420"]
[BlackElo "2592"]
[TimeControl "180+1"]
[EndTime "14:28:51 PST"]
[Termination "Ajedrecista3000 won by resignation"]

1. e4 e5 2. Nf3 Nc6 3. Bc4 Bc5 4.
d3 d6 5. Bb3 Nf6 6. c3 O-O 7.
Nbd2 Be6 8. O-O Bxb3 9. Qxb3 Bb6 10. Nc4 Nd7 11. Bg5 Qe8 12. Ne3 Nc5 13. Qc2 Ne6 14. Nd5 f6 15. Be3 Ne7 16. Bxb6 axb6 17. Qb3 Nxd5 18. Qxd5 Ra7 19. g3 Qf7 20. a3 Nc5 21. Qxf7+ Kxf7 22. Rad1 g6 23. Nh4 Kg7 24. f4 Raa8 25.
f5 Rad8 26. c4 Ra8 27. Kf2 Rfd8 28. Ke3 c6 29. fxg6 hxg6 30. Rf2 Rf8 31. Rdf1 Rad8 32. b4 Ne6 33. Ra2 d5 34. cxd5 cxd5 35. Rc1 Rd7 36. a4 Rfd8 37. Nf3 dxe4 38. dxe4 Rd3+ 39. Ke2 Rb3 40.
b5 g5 41. Nd2 Rb4 42. Rc4 Rxd2+ 43. Rxd2 Rxc4 44. Rd6 Kf7 45. Rxb6 Nc5 46. a5 Rxe4+ 47. Kd2 Rd4+ 48. Kc3 Na4+ 0-1

[Event "Late-Titled-Tuesday-Blitz-January-30-2024"]
[Site "Chess.com"]
[Date "2024.01.30"]
[Round "3"]
[White "protectiago"]
[Black "Lion_DL"]
[Result "1-0"]
[WhiteElo "2071"]
[BlackElo "2332"]
[TimeControl "180+1"]
[EndTime "14:28:53 PST"]
[Termination "protectiago won by checkmate"]

1. d4 Nf6 2. c4 e6 3. Nf3 b6 4. g3 Bb7 5. Bg2 Be7 6. O-O O-O 7.
Nc3 Ne4 8. Qc2 Nxc3 9. bxc3 d6 10. Rd1 f5 11. d5 e5 12. e4 fxe4 13. Qxe4 Nd7 14. Bh3 Nc5 15. Qe2 Ba6 16. Nd2 Bc8 17. Bxc8 Qxc8 18. Ne4 Qf5 19. Nxc5 bxc5 20. Be3 Rab8 21.
f4 Bf6 22. Rf1 Qe4 23. Rae1 exf4 24. Rxf4 Qg6 25. Ref1 Rfe8 26. R1f3 Bxc3 27. Rf1 Bd4 28. R4f3 Rxe3 29. Rxe3 Re8 30. Rf3 Rxe3 31. Rxe3 Qe4 32. Kf2 Kf7 33. a4 Kf6 34. a5 Ke5 35. a6 g5 36. h3 h5 37. h4 gxh4 38. Qxh5+ Kf6 39. Qxh4+ Qxh4 40. gxh4 Kf5 41. Kf3 Bxe3 42. Kxe3 Kg4 43.
Ke4 Kxh4 44. Kf5 Kg3 45. Ke6 Kf4 46. Kd7 Ke4 47. Kxc7 Kd4 48. Kxd6 Kxc4 49. Kc6 Kb4 50. d6 c4 51. d7 c3 52. d8=Q c2 53. Qd2+ Kb3 54.
Qc1 Kb4 55. Kb7 Ka5 56. Kxa7 Kb5 57. Kb7 Ka5 58. a7 Kb5 59. a8=Q Kb4 60. Qa6 Kb3 61. Qb6+ Kc4 62. Qc6+ Kd4 63. Q6xc2 Ke5 64. Q2d2 Ke6 65. Qce1+ Kf5 66. Qdf2+ Kg4 67. Qeg1+ Kh3 68.
Qfh2# 1-0

[Event "Late-Titled-Tuesday-Blitz-January-30-2024"]
[Site "Chess.com"]
[Date "2024.01.30"]
[Round "3"]
[White "Mops_2004"]
[Black "sakkikuska"]
[Result "1-0"]
[WhiteElo "2773"]
[BlackElo "2544"]
[TimeControl "180+1"]
[EndTime "14:28:54 PST"]
[Termination "Mops_2004 won by resignation"]

1. f4 d5 2. Nf3 Nf6 3. g3 c5 4. Bg2 Nc6 5. O-O b6 6. d3 Bb7 7. Qe1 e6 8. c3 Qc7 9. e4 dxe4 10. dxe4 O-O-O 11. Nbd2 Kb8 12. Qe2 h5 13. a3 e5 14.
Nc4 Ba6 15. fxe5 Ng4 16. Bf4 Ka8 17. e6 Qe7 18. Nxb6+ Kb7 19. Nc4 Qxe6 20. b3 f6 21. Rfd1 Rxd1+ 22. Rxd1 Nge5 23. Nfxe5 Nxe5 24. Bxe5 fxe5 25. Bf1 Bxc4 26. Qxc4 Qxc4 27. Bxc4 Kc7 28. Rf1 Bd6 29. Rf7+ Kb6 30. Rxg7 h4 31. g4 Rf8 32. Kg2 h3+ 33. Kg3 a5 34. a4 Rf4 35. Bd5 Ka6 36. Rg6 Ka7 37. Rxd6 c4 38. bxc4 Kb8 39. Rd7 Kc8 40.
Rf7 Kd8 41. Rxf4 exf4+ 42. Kxf4 Ke7 43. Ke5 Kd7 44. c5 Kc7 45. Ke6 Kb8 46. Kd7 Ka7 47. Kc7 Ka6 48. g5 Ka7 49. g6 Ka6 50. g7 1-0

[Event "Late-Titled-Tuesday-Blitz-January-30-2024"]
[Site "Chess.com"]
[Date "2024.01.30"]
[Round "3"]
[White "ElCoachRene"]
[Black "Iuckyducky"]
[Result "1-0"]
[WhiteElo "1958"]
[BlackElo "2295"]
[TimeControl "180+1"]
[EndTime "14:28:54 PST"]
[Termination "ElCoachRene won by resignation"]

1. Nf3 Nf6 2. d4 g6 3. Bf4 Bg7 4. h3 O-O 5. e3 c5 6. c3 d5 7.
Nbd2 Nc6 8. Bd3 cxd4 9. exd4 b6 10. Qe2 Re8 11. Ne5 Nxe5 12. Bxe5 Bb7 13. h4 h5 14. f3 Rc8 15. g4 Qd7 16. g5 Nh7 17. Bxg7 Kxg7 18.
O-O-O e5 19. dxe5 d4 20. Ne4 dxc3 21. Nd6 Qa4 22. Nxe8+ Rxe8 23. b3 Qf4+ 24. Kc2 Rxe5 25. Qh2 Qe3 26. Rhe1 Qxe1 27. Rxe1 Rxe1 28. Kxc3 Bxf3 29.
Qf2 Rc1+ 30. Kd2 Ra1 31. Qxf3 Rxa2+ 32. Bc2 Nf8 33. Qc3+ Kg8 34. Kc1 Ra5 35. b4 Rd5 36. Bb3 Rd7 37. Qc2 Kg7 38. Qc8 Kg8 39. Ba4 Re7 40. Bb3 Rd7 41. Qc2 Kg7 42. Kb1 Kg8 43. Ba4 Re7 44. Bc6 Rc7 45. b5 Re7 46. Qb2 Rc7 47. Qe5 Rc8 48. Qe7 a6 49. Bd5 1-0

[Event "Late-Titled-Tuesday-Blitz-January-30-2024"]
[Site "Chess.com"]
[Date "2024.01.30"]
[Round "3"]
[White "ural58"]
[Black "bazar-wokzal"]
[Result "1-0"]
[WhiteElo "2462"]
[BlackElo "2593"]
[TimeControl "180+1"]
[EndTime "14:28:55 PST"]
[Termination "ural58 won by checkmate"]

1. e4 c5 2. b3 Nf6 3. e5 Nd5 4. Nc3 e6 5. Bb2 Nc6 6. Ne4 Qc7 7. Nf3 Be7 8. c4 Nf4 9. g3 Ng6 10. Nd6+ Bxd6 11. exd6 Qxd6 12. Bxg7 Rg8 13. Bc3 b6 14. d4 cxd4 15. Nxd4 Nxd4 16. Qxd4 Qxd4 17. Bxd4 Bb7 18. Rg1 Nh4 19. Be2 Nf3+ 20. Bxf3 Bxf3 21. a4 Ke7 22. Kd2 f5 23. Rge1 Rg4 24. Be3 Rb8 25. Kc3 a6 26. Bf4 Rb7 27. Re3 Bc6 28. f3 Rg8 29. Rd1 b5 30. Bd6+ Kf7 31. cxb5 axb5 32.
a5 b4+ 33. Kb2 Ra8 34. Ra1 Rb5 35. Bc7 Ra6 36. Bb6 f4 37. Rd3 Rh5 38. Rd2 e5 39.
gxf4 exf4 40. Rg1 Rh3 41. Rg4 Rxf3 42. Rh4 Kg6 43. Rd6+ Kf5 44. Rh5+ Kg4 45. Rxh7 Rf1 46. Rg6+ Kf5 47. Rhh6 f3 48. Rf6+ Ke4 49. h4 Rh1 50. Rh5 Rh2+ 51. Kc1 Ra8 52. Bc7 Ra2 53. Re5+ Kd3 54.
Rd6+ Kc3 55. Re3# 1-0

[Event "Late-Titled-Tuesday-Blitz-January-30-2024"]
[Site "Chess.com"]
[Date "2024.01.30"]
[Round "3"]
[White "Lion-Al-Messi"]
[Black "Onthequiet"]
[Result "1-0"]
[WhiteElo "2600"]
[BlackElo "2424"]
[TimeControl "180+1"]
[EndTime "14:28:55 PST"]
[Termination "Lion-Al-Messi won on time"]

1. e4 c5 2. Nf3 Nc6 3. d4 cxd4 4. Nxd4 Qb6 5. Nb3 Nf6 6. Nc3 e6 7. Be3 Qc7 8. Bd3 a6 9. g4 Ne5 10. g5 Nfg4 11. Bd4 Nxd3+ 12. Qxd3 Ne5 13. Qg3 Bd6 14. f4 Nc4 15. e5 Bb4 16. O-O-O b6 17. f5 Bb7 18.
Rhf1 O-O 19. f6 g6 20. Qh4 Rfc8 21. Rd3 h5 22. gxh6 Kh7 23. Qf4 Rg8 24. h4 Bf8 25.
Ne4 Bxe4 26. Qxe4 Qc6 27. Qe2 a5 28. Bc3 b5 29. Nd4 Qb7 30. Nf3 d5 31. Ng5+ Kh8 32.
h5 Bxh6 33. Rg3 b4 34. Bd4 Rac8 35. hxg6 Rxg6 36. Rh1 Kg8 37. Qg2 a4 38. Kb1 b3 39.
Nxe6 bxc2+ 40. Ka1 1-0

[Event "Late-Titled-Tuesday-Blitz-January-30-2024"]
[Site "Chess.com"]
[Date "2024.01.30"]
[Round "3"]
[White "cristianserban1"]
[Black "NowInChess"]
[Result "0-1"]
[WhiteElo "2543"]
[BlackElo "2309"]
[TimeControl "180+1"]
[EndTime "14:28:55 PST"]
[Termination "NowInChess won by resignation"]

1. Nf3 Nf6 2. g3 g6 3. Bg2 Bg7 4. O-O O-O 5. d4 d6 6. b3 b5 7. Bb2 Bb7 8. Nbd2 Nbd7 9. Re1 c5 10. e4 cxd4 11. Nxd4 Qb6 12. a4 bxa4 13. Rxa4 Nc5 14.
Ra2 e5 15. Nc4 Qc7 16. Nb5 Qe7 17. Nbxd6 Rfd8 18. Ba3 Ncxe4 19. Qa1 Nxd6 20. Bxd6 Rxd6 21. Bxb7 Rb8 22. Nxd6 Qxd6 23. Bg2 Ng4 24. Qd1 Qe6 25. Bd5 Qf5 26. Qf3 Qd7 27. Bxf7+ Qxf7 28. Qf4 exf4 29. Ra6 Rf8 30. f3 fxg3 31. Rf1 Nf2 32. hxg3 Qxf3 33. Kh2 Qh5+ 34. Kg2 Ng4 35. Rxf8+ Kxf8 36. Rxa7 Bd4 37. Ra8+ Kg7 38. Ra4 Kg8 39. Rxd4 Kg7 40. Rd7+ Kh6 41. c4 Qe5 42. Rd1 Qe2+ 43. Kh3 Nf2+ 44. Kh4 Nxd1 45. g4 Qe4 46. c5 Kg7 47. Kg3 Qc6 48. b4 Qb5 0-1

[Event "Late-Titled-Tuesday-Blitz-January-30-2024"]
[Site "Chess.com"]
[Date "2024.01.30"]
[Round "3"]
[White "Practical-Play"]
[Black "GMBenjaminBok"]
[Result "0-1"]
[WhiteElo "2608"]
[BlackElo "2935"]
[TimeControl "180+1"]
[EndTime "14:28:56 PST"]
[Termination "GMBenjaminBok won by checkmate"]

1. e4 c5 2. c3 Nf6 3. e5 Nd5 4. d4 cxd4 5. Nf3 Nc6 6. Bc4 Nb6 7. Bb3 d5 8. exd6 Qxd6 9. O-O Be6 10. Na3 dxc3 11.
Qe2 Bxb3 12. Nb5 Qd7 13. axb3 c2 14. Bf4 e6 15. Nc7+ Kd8 16. Nxa8 Nxa8 17. Qxc2 Nb6 18. Be3 Nd5 19. Bxa7 Bd6 20. Bc5 Ke7 21. Rad1 h6 22. Rfe1 Ncb4 23. Qc4 Bxc5 24. Qxc5+ Qd6 25. Qb5 Qc6 26.
Qc4 Rc8 27. Ne5 Qe8 28. Qg4 Kf8 29. h3 Kg8 30. Nc4 Qe7 31. Qf3 Qc7 32. Rd4 Nc2 33. Red1 Nxd4 34. Rxd4 b5 35. Nd2 Qc1+ 36. Kh2 Qxb2 37.
Qd3 Rc3 38. Qxb5 Rc2 39. Qd3 g6 40. Nc4 Qa2 41. Ne3 Rxf2 42. Nxd5 Rxg2+ 43. Kh1 Rh2+ 44. Kg1 Qg2# 0-1

[Event "Late-Titled-Tuesday-Blitz-January-30-2024"]
[Site "Chess.com"]
[Date "2024.01.30"]
[Round "3"]
[White "ChEsper99"]
[Black "RodokininEV"]
[Result "0-1"]
[WhiteElo "2152"]
[BlackElo "2650"]
[TimeControl "180+1"]
[EndTime "14:28:56 PST"]
[Termination "RodokininEV won on time"]

1. e4 c5 2. c3 Nf6 3. e5 Nd5 4. d4 cxd4 5. cxd4 Nc6 6. Nf3 g6 7. Bc4 Nb6 8. Bxf7+ Kxf7 9. Ng5+ Kg8 10. f4 d6 11. d5 Nb4 12. Nc3 dxe5 13. fxe5 N4xd5 14. Qf3 Bf5 15. g4 Nxc3 16. bxc3 Qd5 17. gxf5 Qxe5+ 18. Qe3 Qxf5 19. Rf1 Qd7 20. Qf4 Qd5 21. Qf7+ Qxf7 22. Nxf7 Bg7 23. Bd2 Rc8 24. Nxh8 Bxh8 25. Rc1 Nc4 26. Rf4 Bf6 27. h4 Kg7 28. Rg4 b5 29.
Ke2 Rd8 30. Be3 h5 31. Rg3 Bxh4 32. Rf3 Bf6 33. Bd4 e5 34. Bxa7 Ra8 35. Be3 Rxa2+ 36. Kf1 e4 37. Rf2 Nxe3+ 38. Kg1 Rxf2 39. Kxf2 Nc4 40.
Rd1 Bxc3 41. Rd7+ Kf6 42. Kg2 b4 43. Kh3 b3 44. Rc7 b2 45. Rxc4 b1=Q 46. Rxc3 Qd3+ 47. Rxd3 exd3 48. Kg3 d2 49. Kh4 d1=Q 50. Kg3 g5 51. Kh2 Qa4 52. Kg2 h4 53. Kh2 g4 54. Kg2 Kg5 55. Kh2 h3 56. Kh1 g3 57. Kg1 Qe8 0-1

[Event "Late-Titled-Tuesday-Blitz-January-30-2024"]
[Site "Chess.com"]
[Date "2024.01.30"]
[Round "3"]
[White "sansanathalia"]
[Black "Navyblue1"]
[Result "1-0"]
[WhiteElo "2395"]
[BlackElo "2163"]
[TimeControl "180+1"]
[EndTime "14:28:57 PST"]
[Termination "sansanathalia won on time"]

1. e4 c5 2. Nf3 d6 3. d4 cxd4 4. Qxd4 a6 5. c4 Nc6 6. Qd2 Nf6 7. Nc3 g6 8. Be2 Bg7 9. O-O O-O 10. Rb1 a5 11. a3 a4 12. Bd1 Na5 13. Qd3 Be6 14. Nd5 Nd7 15. Be3 Rc8 16. Bxa4 Nxc4 17. Bd4 Nde5 18. Nxe5 Nxe5 19. Bxe5 Bxe5 20. f4 Bg7 21.
Bb3 Bxd5 22. Bxd5 Qb6+ 23. Kh1 e6 24. Ba2 Rfd8 25. f5 e5 26. fxg6 hxg6 27. Bxf7+ Kh7 28. Qh3+ Bh6 29. Qe6 Rg8 30. Bxg8+ Rxg8 31. Rf7+ Rg7 32.
Rbf1 Qxb2 33. Rxg7+ Bxg7 34. Qxd6 Qb5 35. Qd1 Qc4 36.
Qf3 Qa2 37. h4 Qe6 38. h5 gxh5 39. Qxh5+ Qh6 40. Qxh6+ Kxh6 41. Rb1 Bf8 42. Rxb7 Bxa3 43. Rb5 1-0

[Event "Late-Titled-Tuesday-Blitz-January-30-2024"]
[Site "Chess.com"]
[Date "2024.01.30"]
[Round "3"]
[White "MikaelyanArman"]
[Black "koziororo"]
[Result "0-1"]
[WhiteElo "2852"]
[BlackElo "2618"]
[TimeControl "180+1"]
[EndTime "14:28:58 PST"]
[Termination "koziororo won on time"]

1. d4 Nf6 2. c4 g6 3. Nc3 Bg7 4. e4 d6 5. f4 O-O 6. Nf3 c5 7. d5 e6 8. Be2 exd5 9. cxd5 Re8 10. e5 Nfd7 11. e6 fxe6 12. dxe6 Nb6 13. f5 gxf5 14.
O-O Bxe6 15. Ng5 Nc6 16. Bh5 Bc4 17. Bxe8 Qxe8 18. Re1 Qg6 19. Bf4 Nd4 20. b3 Bd5 21.
Rc1 h6 22. Nxd5 Nxd5 23. Nh3 Kh7 24. Qd3 Rg8 25. Bg3 Be5 26. Rf1 f4 27. Qxg6+ Rxg6 28. Bf2 Ne2+ 29. Kh1 Nxc1 30. Rxc1 Ne3 31. g3 Ng4 32.
gxf4 Nxf2+ 33. Nxf2 Bxf4 34. Re1 d5 35. Nd3 Bd6 36.
Rf1 Kg7 37. Rf5 d4 38. a4 Rf6 39. Rd5 b6 40. a5 Kf7 41. axb6 axb6 42. Rh5 Ke6 43.
Kg2 Kd7 44. Nf2 Kc6 45. Ng4 Re6 46. Kf3 d3 47. Ne3 d2 48. Nd1 Re1 49. Nf2 Rf1 0-1

[Event "Late-Titled-Tuesday-Blitz-January-30-2024"]
[Site "Chess.com"]
[Date "2024.01.30"]
[Round "3"]
[White "wqws"]
[Black "N_Mullodzhanov"]
[Result "1-0"]
[WhiteElo "2610"]
[BlackElo "2449"]
[TimeControl "180+1"]
[EndTime "14:28:58 PST"]
[Termination "wqws won by checkmate"]

1. e4 c6 2. d4 d5 3. e5 Bf5 4. h4 h6 5. c4 e6 6. Nc3 Bb4 7. Ne2 Ne7 8. a3 Bxc3+ 9. Nxc3 Nd7 10. g4 Bg6 11. cxd5 Nxd5 12. Nxd5 cxd5 13. h5 Be4 14. f3 Bh7 15. Bd3 Bxd3 16. Qxd3 Rc8 17. Bd2 b5 18. Bb4 a5 19. Bd6 Qb6 20. Ke2 Rc4 21.
Rac1 Qc6 22. Kd2 a4 23. Rxc4 dxc4 24. Qe4 Qxe4 25. fxe4 Nb6 26. Kc3 Nc8 27. Bc5 Kd7 28.
Rf1 f6 29. exf6 gxf6 30. Rxf6 Rg8 31. Rg6 Rh8 32. d5 exd5 33. exd5 Re8 34. Rxh6 Re1 35. Rh7+ Kd8 36. h6 Rc1+ 37. Kd2 Rb1 38. Bd4 b4 39.
axb4 Nd6 40. Ra7 Ne4+ 41. Kc2 Rh1 42. h7 c3 43. bxc3 a3 44. h8=Q+ Rxh8 45. Bxh8 a2 46.
Rxa2 Ke7 47. Kd3 Ng5 48. Re2+ Kd6 49. c4 Nf7 50. Bd4 Nh6 51. Re4 Nf7 52. b5 Ng5 53. Re5 Nf3 54. Re6+ Kc7 55. b6+ Kb7 56. Be3 Ne1+ 57.
Ke4 Nc2 58. c5 Nb4 59. c6+ Ka6 60. b7 Kb5 61. b8=Q+ Kc4 62. c7 Kb3 63. Rb6 Kc2 64. Rxb4 Kd1 65. d6 Ke2 66. d7 Kf1 67. d8=Q Kg2 68.
g5 Kh3 69. g6 Kg4 70. g7 Kh5 71. c8=Q Kg6 72. g8=Q+ Kh5 73. Rb5# 1-0

[Event "Late-Titled-Tuesday-Blitz-January-30-2024"]
[Site "Chess.com"]
[Date "2024.01.30"]
[Round "3"]
[White "icychess54"]
[Black "chessisveryfun1264"]
[Result "0-1"]
[WhiteElo "2242"]
[BlackElo "2550"]
[TimeControl "180+1"]
[EndTime "14:28:58 PST"]
[Termination "chessisveryfun1264 won on time"]

1. c4 e6 2. Nf3 b6 3. Nc3 Bb7 4. e3 Nf6 5. Be2 g6 6. O-O Bg7 7. d4 O-O 8. b4 c5 9. bxc5 bxc5 10. Rb1 Qc8 11. Nb5 Ne4 12. Nd2 cxd4 13. Nxe4 Bxe4 14. Nd6 Qc6 15. Nxe4 Qxe4 16. Ba3 dxe3 17. Bf3 exf2+ 18. Kh1 Qh4 19. g3 Qxc4 20. Bxf8 d5 21. Bxg7 Kxg7 22.
Qe2 Qxe2 23. Bxe2 Nc6 24. Rxf2 Nd4 25. Bf1 h5 26. Rb7 Nf5 27. Kg2 d4 28. Bd3 Ne3+ 29. Kh3 Rf8 30. Rxa7 e5 31. Re7 Ng4 32. Rf1 Kg8 33.
Bxg6 fxg6 34. Rxf8+ Kxf8 35. Rb7 d3 36. Rd7 e4 37. a4 Ne5 38. Rd5 Nc4 39. Rd4 d2 40. a5 e3 41. a6 e2 42. a7 Nb6 0-1